 Dungeon Crawl Stone Soup version 0.28-a0-909-g796cbd3a86 (console) character file.

Game seed: 10225105500279706806

249622 jejorda2 the Warrior (level 19, -7/125 HPs)
             Began as a Gargoyle Berserker on Nov 24, 2021.
             Was a High Priest of Trog.
             Shot with an arrow by a deep elf archer (24 damage)
             ... on level 1 of the Elven Halls.
             The game lasted 02:23:31 (51067 turns).

jejorda2 the Warrior (Gargoyle Berserker)          Turns: 51067, Time: 02:23:31

Health: -7/125     AC: 50    Str: 31    XL:     19   Next: 60%
Magic:  6/6        EV:  8    Int:  9    God:    Trog [*****.]
Gold:   2343       SH: 13    Dex:  8    Spells: 18/18 levels left

rFire   + . .      SeeInvis +   a - +6 double sword (antimagic)
rCold   . . .      Faith    +   D - +1 kite shield {reflect}
rNeg    + . .      Spirit   .   N - +2 crystal plate armour
rPois   ∞          Reflect  +   k - +2 helmet
rElec   +          Harm     .   S - +0 cloak
rCorr   .          Rampage  +   W - +1 pair of gloves
Will    ++++.                   Z - +0 pair of boots {rampage}
Stlth   ..........              p - amulet of faith
HPRegen 1.30/turn               R - ring of the Soothsayer {Will+ Dex+4 SInv}
MPRegen 0.10/turn               f - ring of Peuzeqev {+Blink rPois rF+ Str+4 Dex-4}

@: strong-willed, on berserk cooldown, flying, regenerating, studying Maces &
Flails
A: sickness immunity, AC +14, big wings, negative energy resistance 1,
electricity resistance, torment resistance 1, petrification resistance, clumsy 1
}: 2/15 runes: decaying, gossamer
a: Renounce Religion, Evoke Blink, Berserk, Trog's Hand, Brothers in Arms


You were on level 1 of the Elven Halls.
You worshipped Trog.
Trog was extremely pleased with you.
You visited 7 branches of the dungeon, and saw 33 of its levels.
You also visited: Gauntlet.

You collected 3901 gold pieces.
You spent 1558 gold pieces at shops.

Inventory:

Hand Weapons
 a - a +6 antimagic double sword (weapon)
 b - a +0 fustibalus of flaming
 w - a +0 demon blade of flaming
Missiles
 c - 999 stones
 j - 19 javelins
 u - 161 sling bullets
 x - 30 boomerangs (quivered)
 G - a curare-tipped dart
 K - 2 boomerangs of dispersal
 M - 8 throwing nets
 T - 4 silver javelins
 Y - 11 datura-tipped darts
Armour
 k - a +2 helmet (worn)
 D - a +1 kite shield of reflection (worn)
 N - a +2 crystal plate armour (worn)
 S - a +0 cloak (worn)
 W - a +1 pair of gloves (worn)
 Z - a +0 pair of boots of rampaging (worn)
Jewellery
 f - the ring of Peuzeqev (right hand) {+Blink rPois rF+ Str+4 Dex-4}
   (You found it on level 6 of the Lair of Beasts)

   [ring of poison resistance]

   Str:       It affects your strength (+4).
   Dex:       It affects your dexterity (-4).
   rF:        It protects you from fire.
   rPois:     It protects you from poison.
   +Blink:    It lets you blink.
 p - an amulet of faith (around neck)
 t - a ring of ice
 y - a ring of protection from fire
 R - the ring of the Soothsayer (left hand) {Will+ Dex+4 SInv}
   (You took it off a minotaur in a Gauntlet)

   [ring of see invisible]

   Dex:       It affects your dexterity (+4).
   SInv:      It lets you see invisible.
   Will:      It increases your willpower.
Wands
 g - a wand of paralysis (17)
 m - a wand of charming (33)
 q - a wand of polymorph (34)
 z - a wand of mindburst (33)
 B - a wand of flame (143)
 C - a wand of iceblast (12)
 O - a wand of digging (10)
 V - a wand of acid (31)
Scrolls
 i - a scroll of blinking
 I - 4 scrolls of fog
 J - 6 scrolls of teleportation
 L - a scroll of silence
 P - 2 scrolls of fear
 Q - a scroll of holy word
 U - 3 scrolls of magic mapping
Potions
 d - 3 potions of invisibility
 e - 4 potions of cancellation
 h - 4 potions of might
 n - 13 potions of curing
 r - 5 potions of heal wounds
 s - 4 potions of haste
 v - 6 potions of resistance
 A - 6 potions of ambrosia
 E - 3 potions of mutation
 H - a potion of berserk rage
Miscellaneous
 l - a lightning rod (4/4)
 F - a phial of floods
 X - a tin of tremorstones (1/2)


   Skills:
 - Level 15.8 Fighting
 * Level 15.7 Long Blades
 - Level 12.5(15.0) Slings
 - Level 13.5(15.5) Throwing
 - Level 15.5 Armour
 - Level 6.0 Dodging
 - Level 3.0 Stealth
 - Level 15.0 Shields
 - Level 6.0 Evocations


You had 18 spell levels left.
You didn't know any spells.
Your spell library was empty.

Dungeon Overview and Level Annotations

Branches:
Dungeon (15/15)            Temple (0/1) D:7            Lair (6/6) D:9
  Swamp (4/4) Lair:2       Spider (4/4) Lair:2        Slime (0/5) Lair:6
    Orc (2/2) D:12            Elf (1/3) Orc:2        Vaults (1/5) D:14
 Depths (0/4) D:15        Gauntlet (visited)

Altars:
Kikubaaqudgha
Makhleb
Nemelex Xobeh
Qazlal
Vehumet
Wu Jian
Xom
Yredelemnul
Zin
Beogh

Shops:
D:1 =   D:7 ?   D:11 !   D:15 ([(   Orc:2 (**[*(:?

Annotations:
Lair:3 3 runed translucent doors, Nieclary's ghost, journeyman TrTm; Omnamae's ghost, journeyman MiBe
Swamp:4 3 runed translucent doors, ders's ghost, adept GrEE; ragingrage's ghost, adept PaWr; siradein's ghost, adept GrFi


Innate Abilities, Weirdness & Mutations

You are immune to sickness and miasma.
Your stone body is resilient. (AC +14)
You are immune to poison.
Your large and strong wings let you fly.
You resist negative energy. (rN+)
You are resistant to electric shocks. (rElec)
You are resistant to unholy torment.
You are immune to petrification.
You are clumsy. (Dex -2)


Message History

The deep elf pyromancer's magic leaks into the air.
Your attack snaps the deep elf pyromancer out of its fear.
The deep elf pyromancer is heavily wounded.
The deep elf archer shoots an arrow.
The arrow closely misses your two-headed ogre.
You reflect the arrow off your +1 kite shield of reflection!
The arrow hits your two-headed ogre!!
The deep elf pyromancer hits you but does no damage.
Unknown command.
Unknown command.
You closely miss the deep elf archer.
The deep elf archer is heavily wounded.
Your surroundings suddenly seem different. 2 deep elf pyromancers, a deep elf archer and 2 deep elf zephyrmancers come into view.
Found a pair of gloves, 12 gold pieces and a chain mail.
You feel the effects of Trog's Hand fading.
The deep elf archer shouts!
The deep elf zephyrmancer shouts!
The deep elf pyromancer shouts!
The deep elf zephyrmancer shouts!
The deep elf pyromancer shouts!
You hear two shouts!
Your skin crawls.
You feel strong-willed.
The deep elf zephyrmancer casts a spell.
The deep elf zephyrmancer blinks!
You block the deep elf zephyrmancer's attack.
The deep elf pyromancer gestures at you while chanting.
The bolt of fire hits you. You resist.
* * * LOW HITPOINT WARNING * * *
Unknown command.
Unknown command.
The deep elf pyromancer mumbles some strange words.
Unknown command.
Your troll goes berserk!
The deep elf pyromancer mumbles some strange words.
The deep elf pyromancer blinks!
The deep elf zephyrmancer mumbles some strange words.
The deep elf zephyrmancer blinks!
The deep elf archer unwields a +0 short sword.
The deep elf archer wields a +0 shortbow.
The deep elf archer shoots an arrow.
The arrow hits you!!
You die...

##+# #.e.#
.....#
......#
....§.e##
.....Ee.##
....○.e§@#
.[...Ee..#
....○..T.#
.........#
.......$.#
.........#
..[.....##
.......##


You could see a deep elf archer (repels missiles, ally target), 2 deep elf
pyromancers, 2 deep elf zephyrmancers, 2 fire elementals and a friendly troll
(summoned, berserk).

Vanquished Creatures
  the Lernaean hydra (Swamp:4)
  Saint Roka (Orc:2)
  Jorgrun (D:12)
  Gastronok (Lair:1)
  A fenstrider witch (Swamp:4)
  Kirke (D:15)
  Donald (Swamp:1)
  Roxanne (Swamp:4)
  An orc warlord (D:12)
  A deep elf sorcerer (Elf:1)
  9 emperor scorpions
  4 ghost moths
  A ghoul (Swamp:3)
  An ironbound preserver (Vaults:1)
  An entropy weaver (Spider:1)
  3 bunyips
  Azrael (Spider:2)
  2 dire elephants (Spider:1)
  A minotaur (Gauntlet)
  3 spark wasps
  A green death (Gauntlet)
  5 eleionomae
  3 shambling mangroves
  A great orb of eyes (D:15)
  7 boulder beetles
  3 rakshasas
  28 hydras
  Harold (D:9)
  Erolcha (D:10)
  2 ogre magi
  An ironbound frostheart (Vaults:1)
  6 alligators
  An ironbound thunderhulk (Vaults:1)
  A catoblepas (Lair:2)
  A centaur warrior (D:8)
  10 dancing weapons
  2 ghost crabs
  9 two-headed ogres
  13 death yaks
  Urug (D:10)
  Nergalle (Lair:2)
  3 deep elf knights
  2 orc high priests (Orc:2)
  A fire crab (Gauntlet)
  6 goliath frogs
  3 deep trolls (Vaults:1)
  2 spriggan druids (Swamp:4)
  13 swamp dragons
  2 deep elf archers
  7 bog bodies
  A lindwurm (Lair:5)
  9 deep elf zephyrmancers
  6 orc knights
  20 orb spiders
  12 deep elf pyromancers
  24 wolf spiders
  4 will-o-the-wisps
  4 manticores
  2 orc sorcerers (Orc:2)
  5 cyclopes
  3 moths of wrath
  6 ugly things
  16 elephants
  A black mamba (shapeshifter) (D:11)
  A torpor snail (Lair:4)
  A vault sentinel (Vaults:1)
  9 black mambas
  Psyche (D:9)
  A gargoyle (D:14)
  An orange demon (Gauntlet)
  14 cane toads
  2 kobold demonologists
  14 komodo dragons
  2 efreet
  2 tengu conjurers (D:15)
  9 rime drakes
  22 jumping spiders
  18 demonic crawlers
  A wolf spider simulacrum (Lair:5)
  3 meliai (Spider:3)
  5 polar bears
  11 trolls
  2 bloated husks
  A raiju (shapeshifter) (D:15)
  33 blink frogs
  5 tyrant leeches
  23 slime creatures
  A raiju (Spider:1)
  29 hornets
  11 dream sheep
  Grinder (D:5)
  Prince Ribbit (D:8)
  Sigmund (D:5)
  21 spriggans
  57 redbacks
  9 wyverns
  22 tarantellas
  A shadow (D:12)
  3 wraiths
  37 yaks
  7 fire elementals (Spider:2)
  2 hogs (D:15)
  5 basilisks
  3 fire bats (Gauntlet)
  2 vampire mosquitoes (D:14)
  18 swamp worms
  3 hydra simulacra (Lair:5)
  2 acid dragons
  2 wargs
  4 hell hounds
  5 swamp drakes (Swamp:4)
  17 water moccasins
  38 orc warriors
  A sky beast (D:8)
  2 necrophages
  6 black bears
  4 boggarts (Lair:6)
  33 wolves
  22 ogres
  10 centaurs
  2 kobold brigands
  14 bullfrogs
  11 scorpions
  3 gnoll sergeants
  A wyvern skeleton (D:5)
  A troll zombie (D:12)
  10 wights
  4 howler monkeys
  2 electric eels
  A komodo dragon simulacrum (Lair:5)
  A bullfrog zombie (D:6)
  6 centaur zombies
  13 orc priests
  A gnoll shaman (D:8)
  3 hounds
  2 jellies
  3 bullfrog skeletons
  2 iguanas
  Jessica (D:2)
  19 orc wizards
  7 hell rats (Lair:5)
  A bullfrog simulacrum (Lair:5)
  5 ogre zombies (D:12)
  A hound skeleton (D:5)
  A howler monkey zombie (D:8)
  18 gnolls
  8 adders
  2 shadow imps
  A white imp (D:5)
  An ufetubus (D:4)
  An adder skeleton (D:4)
  A worm (D:2)
  3 dart slugs
  82 orcs
  9 ball pythons
  5 bats
  6 endoplasms
  4 giant cockroaches
  2 goblins
  13 hobgoblins
  3 jackals (D:3)
  8 kobolds
  3 goblin skeletons (D:12)
  2 hobgoblin skeletons (D:12)
  A hobgoblin zombie (D:12)
  2 orc skeletons (D:12)
  9 orc zombies (D:12)
  4 rats
1150 creatures vanquished.

Vanquished Creatures (collateral kills)
  3 death yaks (Lair:4)
  A deep elf archer (Elf:1)
  2 orb spiders (Spider:4)
  A deep elf pyromancer (Elf:1)
  A demonic crawler (Spider:4)
  2 jumping spiders (Spider:1)
  A hornet (Spider:4)
  5 redbacks (Spider:1)
  2 yaks (Lair:5)
  2 swamp drakes (Swamp:4)
  A phantom (D:12)
  A hell rat (Lair:5)
  2 ogre zombies (D:12)
  An orc (D:12)
  2 orc skeletons (D:12)
  6 orc zombies (D:12)
33 creatures vanquished.

Vanquished Creatures (others)
  A hydra (Swamp:4)
  2 bloated husks (Swamp:2)
  A swamp worm (Swamp:2)
  18 foxfires
  56 fungi
  53 plants
131 creatures vanquished.

Grand Total: 1314 creatures vanquished

Notes
Turn   | Place    | Note
-------+----------+-------------------------------------------
     0 | D:1      | jejorda2 the Gargoyle Berserker began the quest for the
                  | Orb.
     0 | D:1      | Reached XP level 1. HP: 14/14 MP: 1/1
    70 | D:1      | Found Biecru Poavy's Jewellery Shoppe.
   341 | D:1      | Reached XP level 2. HP: 19/19 MP: 2/2
   402 | D:1      | Found a faded altar of an unknown god.
   712 | D:2      | Noticed Jessica
   727 | D:2      | Killed Jessica
   728 | D:2      | Reached XP level 3. HP: 10/24 MP: 3/3
  1310 | D:2      | Reached XP level 4. HP: 28/29 MP: 4/4
  1814 | D:2      | Reached ** piety under Trog
  2578 | D:3      | Noticed an ogre
  2587 | D:3      | Killed an ogre
  2588 | D:3      | Reached XP level 5. HP: 27/34 MP: 5/5
  2766 | D:3      | Found a sparkling altar of Nemelex Xobeh.
  3088 | D:4      | Reached XP level 6. HP: 39/39 MP: 6/6
  3309 | D:4      | You fall into a shaft and drop 3 floors!
  3408 | D:6      | Reached skill level 5 in Long Blades
  3440 | D:6      | Reached skill level 5 in Fighting
  3445 | D:6      | Reached XP level 7. HP: 16/44 MP: 7/7
  3990 | D:6      | Identified the +8 spear of Ru's Respect {chaos, Will+ Str+9
                  | Stlth-}
  4087 | D:6      | Found a radiant altar of Vehumet.
  4156 | D:6      | Reached skill level 5 in Armour
  4257 | D:6      | Reached XP level 8. HP: 46/51 MP: 8/8
  4663 | D:5      | Entered Level 5 of the Dungeon
  4853 | D:4      | Reached *** piety under Trog
  4976 | D:4      | Identified the +11 halberd of Tutrer {vorpal, Fragile rPois
                  | Dex+2}
  5570 | D:5      | Reached XP level 9. HP: 55/55 MP: 9/9
  5684 | D:5      | Noticed Grinder
  5698 | D:5      | Paralysed by Grinder for 3 turns
  5714 | D:5      | Killed Grinder
  5754 | D:5      | Noticed Sigmund
  5764 | D:5      | Killed Sigmund
  6277 | D:7      | Found Xaored's Magic Scroll Shop.
  6284 | D:7      | Bought a scroll of magic mapping for 42 gold pieces
  6284 | D:7      | Bought a scroll of identify for 24 gold pieces
  6388 | D:7      | Reached skill level 10 in Long Blades
  6519 | D:7      | Found a staircase to the Ecumenical Temple.
  6691 | D:7      | Reached skill level 1 in Shields
  6868 | D:7      | Found a glowing silver altar of Zin.
  6872 | D:7      | Found a basalt altar of Yredelemnul.
  6872 | D:7      | Found a stormy altar of Qazlal.
  6883 | D:7      | Found an ancient bone altar of Kikubaaqudgha.
  6886 | D:7      | Found an ornate altar of the Wu Jian Council.
  7044 | D:7      | Found a burning altar of Makhleb.
  7046 | D:7      | Noticed a balrug
  7182 | D:8      | Noticed a centaur warrior
  7200 | D:8      | Killed a centaur warrior
  7201 | D:8      | Reached XP level 10. HP: 59/60 MP: 10/10
  8539 | D:8      | Reached skill level 5 in Shields
  8897 | D:9      | Noticed Prince Ribbit
  8897 | D:9      | Noticed Psyche
  8914 | D:8      | Killed Prince Ribbit
  8940 | D:9      | Noticed a two-headed ogre
  8953 | D:9      | Killed Psyche
  8958 | D:9      | Killed a two-headed ogre
  9330 | D:9      | Noticed Harold
  9356 | D:9      | Killed Harold
  9511 | D:9      | Identified a scroll of acquirement
  9511 | D:9      | Acquired a manual of Armour
  9549 | D:9      | Reached XP level 11. HP: 55/64 MP: 11/11
  9901 | D:9      | Found a staircase to the Lair.
 10908 | D:10     | Entered Level 10 of the Dungeon
 10923 | D:10     | Found a shimmering altar of Xom.
 10942 | D:10     | Noticed Urug
 10967 | D:10     | Killed Urug
 11104 | D:10     | Noticed a brown ugly thing
 11116 | D:10     | Killed a brown ugly thing
 11184 | D:10     | Noticed Erolcha
 11196 | D:10     | Killed Erolcha
 11359 | D:10     | Noticed a cyclops
 11382 | D:10     | Killed a cyclops
 12389 | D:11     | Found Kieh's Distillery.
 12409 | D:11     | Noticed a four-headed hydra
 12420 | D:11     | Killed a four-headed hydra
 12454 | D:11     | Noticed a boulder beetle
 12474 | D:11     | Killed a boulder beetle
 12488 | D:11     | Found a gate leading to a gauntlet.
 12496 | Gauntlet | Entered a Gauntlet
 12496 | Gauntlet | Found a transporter.
 12537 | Gauntlet | Noticed a green death
 12604 | Gauntlet | Found a transporter.
 12620 | Gauntlet | Found a transporter.
 12624 | Gauntlet | Found a transporter.
 12627 | Gauntlet | Noticed a ghost crab
 12634 | Gauntlet | Found a transporter.
 12654 | Gauntlet | Found a transporter.
 12657 | Gauntlet | Found a transporter.
 12658 | Gauntlet | Noticed a great orb of eyes
 12661 | Gauntlet | Found a transporter.
 12662 | Gauntlet | Noticed an orange crystal statue
 12666 | Gauntlet | Noticed a red ugly thing
 12681 | Gauntlet | Noticed a fire crab
 12684 | Gauntlet | Found a transporter.
 12692 | Gauntlet | Found a transporter.
 12692 | Gauntlet | Found a transporter.
 12703 | Gauntlet | Found a transporter.
 12798 | Gauntlet | Reached skill level 10 in Shields
 12807 | Gauntlet | Killed a green death
 12808 | Gauntlet | Reached XP level 12. HP: 70/70 MP: 12/12
 12915 | Gauntlet | Identified the +0 pair of boots of Egalitarianism {*Corrode
                  | rPois rF+ rN+}
 13196 | Gauntlet | Identified the ring of the Soothsayer {Will+ Dex+4 SInv}
 13196 | Gauntlet | Noticed a minotaur
 13212 | Gauntlet | Killed a minotaur
 13342 | D:11     | Noticed a seven-headed hydra
 13354 | D:11     | Killed a seven-headed hydra
 13384 | D:11     | Reached skill level 1 in Evocations
 13616 | D:1      | Bought an amulet of faith for 560 gold pieces
 13853 | D:11     | Noticed a two-headed ogre
 13855 | D:11     | Noticed a boulder beetle
 13861 | D:11     | Killed a two-headed ogre
 13862 | D:11     | Noticed an eight-headed hydra
 13874 | D:11     | Killed an eight-headed hydra
 13880 | D:11     | Noticed a four-headed hydra
 14008 | Lair:1   | Entered Level 1 of the Lair of Beasts
 14592 | Lair:1   | Noticed Gastronok
 14617 | Lair:1   | Killed Gastronok
 14943 | Lair:2   | Noticed an eight-headed hydra
 14958 | Lair:2   | Killed an eight-headed hydra
 15285 | Lair:2   | Noticed Nergalle
 15297 | Lair:2   | Killed Nergalle
 15298 | Lair:2   | Reached XP level 13. HP: 74/74 MP: 13/13
 15620 | Lair:2   | Found a hole to the Spider Nest.
 16209 | Lair:2   | Reached skill level 10 in Armour
 16836 | Lair:2   | Reached skill level 5 in Evocations
 17348 | Lair:2   | Found a staircase to the Swamp.
 17775 | Lair:3   | Reached skill level 15 in Shields
 17828 | Lair:3   | Reached **** piety under Trog
 18093 | Lair:3   | Identified the +9 glaive of Durchosm {antimagic, rElec
                  | rPois rN+ Int+3}
 18600 | Lair:3   | Found a runed translucent gate.
 18600 | Lair:3   | Found a runed translucent gate.
 18600 | Lair:3   | Found a runed translucent gate.
 18604 | Lair:3   | Noticed Nieclary's ghost (journeyman TrTm)
 18604 | Lair:3   | Noticed Omnamae's ghost (journeyman MiBe)
 18873 | Lair:3   | Gained mutation: Your large and strong wings let you fly.
                  | [Gargoyle growth]
 18873 | Lair:3   | Reached XP level 14. HP: 49/80 MP: 14/14
 19885 | Lair:4   | Reached skill level 15 in Armour
 20023 | Lair:4   | Reached skill level 1 in Throwing
 20603 | Lair:4   | Identified the +9 morningstar of the Toadstool {freeze,
                  | rPois Int+6 SInv}
 21005 | Lair:5   | Found a transporter.
 21536 | Lair:5   | Reached ***** piety under Trog
 21683 | Lair:5   | Reached skill level 5 in Throwing
 22432 | Lair:5   | Found a transporter.
 22608 | Lair:5   | Reached XP level 15. HP: 91/91 MP: 15/15
 23272 | Lair:5   | Reached skill level 10 in Fighting
 23391 | Lair:6   | Entered Level 6 of the Lair of Beasts
 23511 | Lair:5   | Identified the +3 scimitar "Ufochof" {antimagic, rElec rC+
                  | Dex+3 Stlth+} (Trog gifted it to you on level 5 of the Lair
                  | of Beasts)
 23511 | Lair:5   | Received a gift from Trog
 24794 | Lair:6   | Received a gift from Trog
 24940 | Lair:6   | Identified the ring of Peuzeqev {+Blink rPois rF+ Str+4
                  | Dex-4}
 25399 | Lair:6   | Found a staircase to the Slime Pits.
 25965 | D:11     | Reached skill level 1 in Stealth
 26105 | D:11     | Reached skill level 10 in Throwing
 26694 | D:11     | Bought a potion of invisibility for 104 gold pieces
 26959 | D:12     | Noticed Jorgrun
 26985 | D:12     | Killed Jorgrun
 26995 | D:12     | Received a gift from Trog
 27098 | D:12     | Reached skill level 1 in Slings
 27144 | D:12     | Reached XP level 16. HP: 101/101 MP: 16/16
 27391 | D:12     | Found a staircase to the Orcish Mines.
 29574 | D:14     | Found a gate to the Vaults.
 29687 | D:14     | Reached skill level 5 in Slings
 30909 | D:15     | Entered Level 15 of the Dungeon
 30955 | D:15     | Found Vyito's Antique Weapon Boutique.
 31032 | D:15     | Found Keyki's Armour Emporium.
 31094 | D:15     | Reached ****** piety under Trog
 31348 | D:15     | Noticed Kirke
 31371 | D:15     | Killed Kirke
 31597 | D:15     | Received a gift from Trog
 31709 | D:15     | Found a staircase to the Depths.
 31939 | D:15     | Found Vol Helu's Antique Weapon Boutique.
 32193 | Orc:1    | Entered Level 1 of the Orcish Mines
 33211 | Orc:2    | Entered Level 2 of the Orcish Mines
 33211 | Orc:2    | Found Dilemiuh's Antique Weapon Shop.
 33257 | Orc:2    | Found Aschit Esteq's General Store.
 33262 | Orc:2    | Bought a scroll of brand weapon for 240 gold pieces
 33326 | Orc:2    | Found Lykid's Mass Market.
 33770 | Orc:2    | Reached skill level 10 in Slings
 33942 | Orc:2    | Noticed Saint Roka
 33982 | Orc:2    | Killed Saint Roka
 34254 | Orc:2    | Found Usadeawn's Magic Scroll Emporium.
 34256 | Orc:2    | Found a staircase to the Elven Halls.
 34291 | Orc:2    | Reached XP level 17. HP: 92/106 MP: 17/17
 34333 | Orc:2    | Gained mutation: You are clumsy. (Dex -2) [a neqoxec]
 34967 | Orc:2    | Found Fovitik's Antique Armour Emporium.
 34990 | Orc:2    | Found Vapot's General Store.
 35027 | Orc:2    | Found Ypturib's Book Emporium.
 35074 | Orc:2    | Found Ycakocracs's Antique Weapon Emporium.
 35097 | Orc:2    | Bought a shiny helmet for 180 gold pieces
 35097 | Orc:2    | Bought a pair of ichor-stained boots for 228 gold pieces
 35097 | Orc:2    | Identified the +0 pair of boots "Seonusk" {rPois} (You
                  | bought it in a shop on level 2 of the Orcish Mines)
 35097 | Orc:2    | Bought a pair of embroidered boots for 180 gold pieces
 35281 | Spider:1 | Entered Level 1 of the Spider Nest
 35678 | Spider:1 | Received a gift from Trog
 37259 | Spider:2 | Received a gift from Trog
 38072 | Spider:2 | Noticed Azrael
 38102 | Spider:2 | Killed Azrael
 38969 | Spider:2 | Received a gift from Trog
 40116 | Swamp:1  | Entered Level 1 of the Swamp
 40150 | Swamp:1  | Identified the +2 dire flail "Kaem" {pain, rF- rCorr Int+6
                  | Dex+2}
 40324 | Swamp:1  | Reached XP level 18. HP: 114/114 MP: 18/18
 40409 | Swamp:1  | Identified the +10 hand crossbow "Nuatuga" {venom, rPois
                  | rCorr Int-5 Dex+3}
 40480 | Swamp:1  | Received a gift from Trog
 41114 | Swamp:2  | Noticed Donald
 41148 | Swamp:1  | Reached skill level 5 in Dodging
 41161 | Swamp:1  | Killed Donald
 42747 | Swamp:3  | Identified the +8 mace "Qocos" {elec, rC+ Dex+2}
 43022 | Swamp:3  | Received a gift from Trog
 43201 | Swamp:4  | Entered Level 4 of the Swamp
 43354 | Swamp:4  | Noticed Roxanne
 43407 | Swamp:4  | Killed Roxanne
 44155 | Swamp:4  | Found a runed translucent gate.
 44155 | Swamp:4  | Found a runed translucent gate.
 44156 | Swamp:4  | Found a runed translucent gate.
 44190 | Swamp:4  | Noticed ders's ghost (adept GrEE)
 44190 | Swamp:4  | Noticed siradein's ghost (adept GrFi)
 44350 | Swamp:4  | Noticed ragingrage's ghost (adept PaWr)
 44924 | Swamp:4  | Noticed the 27-headed Lernaean hydra
 44940 | Swamp:4  | Killed the 21-headed Lernaean hydra
 44941 | Swamp:4  | Reached skill level 15 in Fighting
 45235 | Swamp:4  | Got a decaying rune of Zot
 45698 | Spider:4 | Entered Level 4 of the Spider Nest
 45791 | Spider:3 | Received a gift from Trog
 46591 | Spider:4 | Reached XP level 19. HP: 92/124 MP: 6/19
 48455 | Spider:4 | Received a gift from Trog
 48631 | Spider:4 | Got a gossamer rune of Zot
 49457 | Vaults:1 | Entered Level 1 of the Vaults
 50448 | Elf:1    | Entered Level 1 of the Elven Halls
 50460 | Orc:2    | Reached skill level 15 in Long Blades
 50970 | Elf:1    | Received a gift from Trog
 51056 | Elf:1    | HP: 5/125 [deep elf knight/shard of ice (12)]
 51067 | Elf:1    | Shot with an arrow by a deep elf archer

Illustrated notes

Levels and vault maps discovered:
D:1:      lightli_arrival_statue_moat, layout_loops_ring,
          shapermc_ecumenical_altar_pompeii, serial_shops, shop
D:2:      layout_loops_corners, uniq_jessica
D:3:      layout_basic, nemelex_diamond_rough_becter
D:4:      layout_cave_pools, minmay_fractal_squares_5
D:5:      layout_rooms, uniq_sigmund, uniq_grinder
D:6:      layout_loops_ring, vehumet_crystals
D:7:      layout_gridville, makhleb_altar_promises_db,
          minmay_overflow_temple_star_hex, minmay_temple_entry_tees,
          serial_shops, nicolae_shop_hallway_stairs, minmay_misc_feat_hallway
D:8:      layout_layer_cave, serial_bayou, serial_bayou_crossing,
          serial_bayou_shore_a, serial_bayou_shore_b, serial_bayou_pond_d
D:9:      wad_crossroads, layout_loops_ring, david_lair_generic, uniq_harold,
          uniq_prince_ribbit1, uniq_psyche
D:10:     layout_cave_pods, mainiacjoe_overflow_brackets, special_room
          [special_room_orc], st_stairs_1, minmay_sticks_and_stones, uniq_urug,
          uniq_erolcha
D:11:     minmay_ornate_pinched, layout_rooms, serial_shops,
          nicolae_shop_waterfront, gauntlet_entry_generic
D:12:     layout_rooms, zombieorc2_lemuel, uniq_jorgrun
D:13:     layout_roguey
D:14:     cheibrodos_orc_bank, layout_grid_maze, erik_vaults_1,
          minmay_misc_feat_rugged, nicolae_danse_macabre
D:15:     gammafunk_enter_depths_forms, layout_basic, serial_shops,
          nicolae_shop_trees, nicolae_shop_crystal, nicolae_lakefront_shop,
          uniq_kirke
Lair:1:   layout_long_grid, uniq_gastronok
Lair:2:   nzn_winding_woodlands_large [nzn_winding_woodlands_5x5_checkerboard,
          nzn_winding_woodlands_5x15_garden, nzn_winding_woodlands_5x5_three,
          nzn_winding_woodlands_center_triple_pond,
          nzn_winding_woodlands_15x15_eel_pit,
          nzn_winding_woodlands_center_lodge,
          nzn_winding_woodlands_5x5_open_star, nzn_winding_woodlands_5x15_eye,
          nzn_winding_woodlands_5x5_default], layout_layer_cave,
          palyth_hydra_swamp_entry, spider_nest_entry_webs, uniq_nergalle
Lair:3:   layout_cave_pods, gammafunk_ghost_cemetery
Lair:4:   layout_regular_city
Lair:5:   gammafunk_cloud_chamber, layout_cave_pods, special_room
          [special_room_mythical_zoo], lemuel_fruit_tree, grunt_megastairs_4
Lair:6:   minmay_lair_end_enchanted_forest, layout_big_grid,
          minmay_slime_entry_pillars
Swamp:1:  layout_basic_swamp, evilmike_swamp_ruin_wall
Swamp:2:  layout_basic_swamp, evilmike_swamp_ruin_house_5, swamp_pool4,
          ldierk_geyser, uniq_donald
Swamp:3:  layout_basic_swamp, evilmike_swamp_ruin_house_4,
          infiniplex_staircase_pool
Swamp:4:  swamp_old_school, layout_basic_swamp, gammafunk_ghost_cemetery,
          uniq_roxanne
Spider:1: spiders_nest_scorpion_pit, beargit_elvish_explorers
Spider:2: cheibrodos_forgotten_conduit, uniq_azrael
Spider:3: layout_spider_delve
Spider:4: guppyfry_spider_rune
Orc:1:    layout_caves, nicolae_orc_tapped_out
Orc:2:    grunt_orc_cross, layout_caves, serial_shops, nicolae_shop_trees, shop,
          shop_statue, minmay_shop_mass
Elf:1:    elf_arrival_002, layout_gridlike, minmay_elf_annihilation, drop_trap,
          minmay_shop_grid_forest, minivault_4, item_on_display_a
Vaults:1: v_misc_10, nicolae_vaults_circle_grid_a, v_pattern_2, v_rooms_4,
          vaults_dpeg_hooks, grunt_vaults_diagonal, vaults_mumra_minichess,
          ontoclasm_vaults_fault, layout_vaults_omnigrid

Skill      XL: |  1  2  3  4  5  6  7  8  9 10 11 12 13 14 15 16 17 18 19 |
---------------+----------------------------------------------------------+-----
Long Blades    | 3 4 5 6 8 10 12 14 15 | 15.7
Armour         | 3 4 5 6 9 13 15 | 15.5
Fighting       | 4 5 6 9 11 12 13 15 | 15.8
Shields        | 3 6 10 13 15 | 15.0
Evocations     | 3 6 |  6.0
Throwing       | 6 10 11 13 | 13.5
Stealth        | 2 3 |  3.0
Slings         | 1 10 12 | 12.5
Dodging        | 4 6 |  6.0

Action                   |  1- 3 |  4- 6 |  7- 9 | 10-12 | 13-15 | 16-18 | 19-21 || total
-------------------------+-------+-------+-------+-------+-------+-------+-------++-------
Melee: Falchion          |    64 |   166 |   178 |       |       |       |       ||   408
       Long sword        |       |       |   136 |   184 |       |       |       ||   320
       Scimitar          |       |       |       |   498 |  1577 |   341 |       ||  2416
       Dagger            |       |       |       |    31 |   348 |       |       ||   379
       Demon blade       |       |       |       |       |       |  1708 |       ||  1708
       Double sword      |       |       |       |       |       |    61 |   407 ||   468
       Fustibalus        |       |       |       |       |       |     1 |       ||     1
 Fire: Hunting sling     |       |       |       |    10 |     6 |       |       ||    16
       Fustibalus        |       |       |       |       |       |   703 |   117 ||   820
Throw: Stone             |    16 |       |       |       |     8 |       |       ||    24
       Dart              |       |       |    15 |     5 |   191 |     2 |     1 ||   214
       Throwing net      |       |       |       |     4 |       |       |       ||     4
       Javelin           |       |       |       |       |     2 |       |       ||     2
       Boomerang         |       |       |       |       |       |       |    10 ||    10
Invok: Berserk           |       |     3 |    11 |    24 |    23 |    13 |     7 ||    81
       Trog's Hand       |       |       |     4 |     9 |     1 |     5 |     3 ||    22
       Brothers in Arms  |       |       |       |       |     5 |     4 |     2 ||    11
Evoke: Wand              |       |       |     1 |     1 |       |       |       ||     2
       Tin of tremorston |       |       |       |       |     2 |     1 |     2 ||     5
       Phial of floods   |       |       |       |       |     1 |     1 |       ||     2
  Use: Scroll            |       |     5 |     3 |    10 |     6 |     5 |     4 ||    33
       Potion            |       |       |       |       |       |     3 |     2 ||     5
 Stab: Held in net/web   |       |       |       |     1 |       |     1 |       ||     2
       Petrified         |       |       |       |       |     7 |       |       ||     7
       Petrifying        |       |       |       |       |     1 |       |       ||     1
       Confused          |       |       |       |       |       |     2 |       ||     2
Armor: Animal skin       |     4 |       |       |       |       |       |       ||     4
       Ring mail         |    18 |       |       |       |       |       |       ||    18
       Scale mail        |    13 |   101 |    14 |       |       |       |       ||   128
       Chain mail        |       |       |   183 |   238 |       |       |       ||   421
       Crystal plate arm |       |       |       |   239 |   824 |  1307 |   438 ||  2808
Dodge: Dodged            |    37 |    96 |    94 |   178 |   266 |   453 |   152 ||  1276
Block: Kite shield       |       |       |       |   311 |  1069 |  1157 |   347 ||  2884
       Reflection        |       |       |       |       |       |     3 |    12 ||    15

Table legend: (Time is in decaauts)
 A = Elapsed time spent in this place.
 B = Non-inter-level travel time spent in this place.
 C = Inter-level travel time spent in this place.
 D = Time resting spent in this place.
 E = Time spent auto-exploring this place.
 F = Levels seen in this place.
 G = Mean time per level.
                   A        B        C        D        E       F      G
               +--------+--------+--------+--------+--------+-----+--------+
         Total |  49747 |  45143 |   4604 |   6303 |  29896 |  34 | 1463.1 |
       Dungeon |  19818 |  17739 |   2079 |   1797 |  12822 |  15 | 1321.2 |
          Lair |  12321 |  10951 |   1370 |   1273 |   7179 |   6 | 2053.5 |
         Swamp |   5186 |   5003 |    183 |   1055 |   3144 |   4 | 1296.5 |
   Spider Nest |   7417 |   6700 |    717 |   1198 |   4114 |   4 | 1854.2 |
  Orcish Mines |   2796 |   2621 |    175 |    489 |   1503 |   2 | 1398.0 |
   Elven Halls |    514 |    514 |      0 |      4 |    293 |   1 |  514.0 |
        Vaults |    857 |    781 |     76 |    367 |    315 |   1 |  857.0 |
      Gauntlet |    836 |    836 |      0 |    116 |    525 |   1 |  836.0 |
               +--------+--------+--------+--------+--------+-----+--------+

Top non-repeatable levels by time:
  Lair:2: 3224 daAuts
  Lair:5: 2676 daAuts
Spider:1: 2585 daAuts
     D:9: 2491 daAuts
     D:8: 2153 daAuts
  Lair:4: 2151 daAuts
 Swamp:4: 2091 daAuts
Spider:4: 2089 daAuts
  Lair:6: 1836 daAuts
   Orc:2: 1751 daAuts
    D:10: 1557 daAuts
    D:14: 1521 daAuts
Spider:3: 1445 daAuts
    D:11: 1371 daAuts
  Lair:3: 1369 daAuts
